 Dungeon Crawl Stone Soup version 0.30.0-29-ga12c61a403 (webtiles) character file.

Game seed: 14733297264873379295

33 LustLizard the Gusty (level 3, 0/34 HPs)
             Began as an Octopode Air Elementalist on June 24, 2023.
             Succumbed to an adder's poison
             ... on level 2 of the Dungeon.
             The game lasted 00:01:47 (1481 turns).

LustLizard the Gusty (Octopode Air Elementalist)    Turns: 1481, Time: 00:01:47

Health: 0/34       AC: 21    Str:  9    XL:     3   Next: 29%
Magic:  0/6        EV:  2    Int: 17    God:
Gold:   60         SH:  0    Dex: 12    Spells: 0/6 levels left

rFire   . . .        (no weapon)
rCold   . . .        (no shield)
rNeg    . . .        (helmet currently unavailable)
rPois   +            (no amulet)
rElec   .            (no ring)
rCorr   .            (no ring)
SInv    .            (no ring)
Will    .....        (no ring)
Stlth   ++           (no ring)
HPRegen 0.25/turn    (no ring)
MPRegen 0.10/turn    (no ring)
                     (no ring)

%: no passive effects
@: lethally poisoned (0 -> -2), tree-form
A: stationary, stasis, torment immunity, boosted hp, almost no armour,
(amphibious), 8 rings, (camouflage 1), (gelatinous body 1), (nimble swimmer 1),
(tentacles)
a: no special abilities


You were on level 2 of the Dungeon.
You were a tree.
You visited 1 branch of the dungeon, and saw 2 of its levels.

You collected 60 gold pieces.

Inventory:

Scrolls
 b - a scroll of enchant weapon {unknown}
 c - a scroll of fog {unknown}
Potions
 a - a potion of magic
 e - a potion of flight {unknown}


   Skills:
 + Level 1.0 Fighting
 - Level 2.0 Dodging
 + Level 3.1 Stealth
 + Level 2.3 Spellcasting
 + Level 1.3 Conjurations
 * Level 3.5 Air Magic


You couldn't memorise any spells.
You knew the following spells:

 Your Spells              Type           Power      Damage    Failure   Level
a - Shock                 Conj/Air       40%        1d5       7%          1
b - Static Discharge      Conj/Air       20%        2-3/arc   11%         2
c - Swiftness             Air            13%        N/A       14%         3

Your spell library contained the following spells:

 Spells                   Type           Power      Damage    Failure   Level
 Magic Dart               Conj           24%        1d4       11%         1
 Call Imp                 Summ           2%         N/A       28%         2
 Mephitic Cloud           Conj/Pois/Air  7%         N/A       28%         3
 Airstrike                Air            6%         2d(1-17)  41%         4
 Inner Flame              Hex/Fire       1%         N/A       50%         3
 Volatile Blastmotes      Fire/Tloc      2%         2d10      50%         3
 Fulminant Prism          Conj/Hex       2%         3d5       80%         4
 Iskenderun's Mystic Bla  Conj/Tloc      4%         2d3       80%         4
 Lee's Rapid Deconstruct  Erth           0%         3d4*      99%         5
 Yara's Violent Unravell  Hex/Tmut       0%         3d3       99%         5
 Enfeeble                 Hex            0%         N/A       100%        7


Dungeon Overview and Level Annotations

Branches:
Dungeon (2/15)

Altars:
Ru

Shops:
D:1 =


Innate Abilities, Weirdness & Mutations

You are a tree.
Your roots penetrate the ground, keeping you stationary.
You cannot be teleported.
You are immune to unholy pain and torment.
Your maximum health is greatly increased.
You cannot wear most types of armour.
((You are amphibious.))
You can wear up to eight rings at the same time.
((Your skin changes colour to match your surroundings (Stealth+).))
((Your rubbery body absorbs attacks. (AC +1, EV +1)))
((You are camouflaged when in or above water. (Stealth+)))
((You have tentacles for arms and can constrict up to eight enemies at once.))


Message History

The zap misses the adder.
The zap hits the goblin.
You kill the goblin!
The zap hits the adder.
The adder is lightly wounded.
The adder closely misses you.
The zap hits the adder.
The adder is moderately wounded.
The adder barely misses you.
The zap hits the adder.
The adder is heavily wounded.
The adder barely misses you.
You closely miss the adder. Your grab misses the adder.
The adder is heavily wounded.
The adder bites you.
You are poisoned.
The adder poisons you! The adder bites you.
You miss the adder. Your grab misses the adder.
The adder is heavily wounded.
You feel sick. The adder bites you.
You are more poisoned.
The adder poisons you!
You feel sick. The adder attacks as you move away! The adder misses you.
You feel sick. The adder attacks as you move away!
The adder completely misses you.
You feel sick. The adder bites you.
Aiming: Shock (safe; 7% risk of failure)
Press: ? - help, Q - select action, (/) - cycle Shift-Dir - straight line, f/p - adder
Aim: an adder (heavily wounded, 48% to hit)
The zap hits the adder.
The adder is heavily wounded.
You feel sick. The adder bites you.
* * * LOW HITPOINT WARNING * * *
You don't have enough magic to cast this spell.
The adder attacks as you move away! The adder bites you.
* * * LOW HITPOINT WARNING * * *
x2 You feel sick.
Unknown command.
It was a potion of lignification.
You turn into a tree.
Your roots penetrate the ground.
You die...

.# #.# .# #.# .####
#.# ..#.## #.#
.....######## #.#
............. #.#
#....######## #.#
#.#.## #####S#
#.#..# #...♣.#
#.##.# #.#####
..##.# #.# ..##.#
#.# # #.# #.#
..##.# #.# .....#
#.# ..##.# #.# #
##.########.#######


You could see an adder.

Vanquished Creatures
  2 dart slugs (D:1)
  2 endoplasms
  5 goblins
  3 hobgoblins (D:1)
  2 kobolds
  3 quokkas
  4 ball pythons
  A bat (D:1)
  4 rats (D:1)
26 creatures vanquished.

Notes
Turn   | Place    | Note
-------+----------+-------------------------------------------
     0 | D:1      | LustLizard the Octopode Air Elementalist began the quest
                  | for the Orb.
     0 | D:1      | Reached XP level 1. HP: 11/11 MP: 3/3
   213 | D:1      | Reached XP level 2. HP: 18/18 MP: 3/5
   285 | D:1      | Found Hyvvedu's Jewellery Emporium.
   289 | D:1      | Learned a level 2 spell: Static Discharge
  1139 | D:1      | Reached XP level 3. HP: 22/22 MP: 2/6
  1286 | D:2      | Found a sacrificial altar of Ru.
  1291 | D:2      | Reached skill level 1 in Fighting
  1345 | D:2      | Learned a level 3 spell: Swiftness
  1480 | D:2      | HP: 1/23 [adder (3)]
  1481 | D:2      | Succumbed to an adder's poison

Illustrated notes

Levels and vault maps discovered:
D:1:      matt_arrival_diagonals, layout_loops_corners, serial_shops, shop
D:2:      layout_loops_ring, basic_altar, supply_closet_lemuel, minivault_11

Skill      XL: |  1  2  3 |
---------------+----------+-----
Stealth        | 3 |  3.1
Fighting       | 1 |  1.0
Dodging        | |  2.0
Spellcasting   | |  2.3
Conjurations   | |  1.3
Air Magic      | |  3.5

Action                     || total
---------------------------++-------
  Melee: Unarmed           ||    14
         Tentacles         ||     3
         Constrict         ||     4
         Punch             ||     1
   Cast: Shock             ||    55
    Use: Potion            ||     1
  Dodge: Dodged            ||    11
